 Dungeon Crawl Stone Soup version 0.23.1-41-g7e51ed3 (webtiles) character file.

Game seed: 9571675994790223337

741 Borgoz the Cutter (level 7, -3/43 HPs)
             Began as a Gargoyle Gladiator on Mar 30, 2019.
             Killed by divine providence
             ... invoked by an orc priest
              (12 damage)
             ... on level 5 of the Dungeon.
             The game lasted 00:05:33 (3851 turns).

Borgoz the Cutter (Gargoyle Gladiator)              Turns: 3851, Time: 00:05:34

Health: -3/43      AC: 13    Str: 21    XL:     7   Next: 75%
Magic:  7/7        EV: 13    Int:  8    God:
Gold:   234        SH:  0    Dex: 13    Spells: 6/6 levels left

rFire    . . .     SeeInvis .   a - +0 rapier
rCold    . . .     Gourm    .   (no shield)
rNeg     + + .     Faith    .   t - +1 ring mail {rN+}
rPois    ∞         Spirit   .   c - +0 helmet
rElec    +         Reflect  .   (no cloak)
rCorr    .         Harm     .   n - +0 pair of gloves
MR       .....                  (no boots)
Stlth    ++........             b - amulet of regeneration
HPRegen  0.54/turn              q - +3 ring of strength
MPRegen  0.10/turn              (no ring)

@: berserk cooldown, flying
A: negative energy resistance 1, electricity resistance, unbreathing,
petrification resistance, rot immunity, AC +4
a: no special abilities


You were on level 5 of the Dungeon.
You were not hungry.

You visited 1 branch of the dungeon, and saw 5 of its levels.

You collected 234 gold pieces.

Inventory:

Hand Weapons
 a - a +0 rapier (weapon)
Missiles
 d - 3 throwing nets (quivered)
 g - 2 tomahawks
 p - 5 javelins
Armour
 c - a +0 helmet (worn)
 n - a +0 pair of gloves (worn)
 t - a +1 ring mail of positive energy (worn)
Jewellery
 b - an amulet of regeneration (around neck)
 q - a +3 ring of strength (left hand)
 s - an uncursed amulet of magic regeneration
 v - an uncursed ring of flight {unknown}
Scrolls
 e - 2 scrolls of magic mapping {unknown}
 h - 2 scrolls of enchant armour {unknown}
 i - a scroll of amnesia {unknown}
 j - 4 scrolls of identify {unknown}
 l - a scroll of fog {unknown}
 m - a scroll of random uselessness {unknown}
Potions
 k - a potion of berserk rage
 u - a potion of cancellation {unknown}
Comestibles
 f - 7 rations
 o - 2 chunks of flesh


   Skills:
 + Level 4.0 Fighting
 * Level 4.8 Short Blades
 - Level 1.7 Throwing
 + Level 3.1 Armour
 * Level 4.4 Dodging
 + Level 3.4 Stealth


You had 6 spell levels left.
You didn't know any spells.
Your spell library was empty.

Dungeon Overview and Level Annotations

Branches:
Dungeon (5/15)
 Temple: D:4-7

Altars:
Gozag


Innate Abilities, Weirdness & Mutations

You are resistant to torment.
Your stone body is resilient. (AC +4)
You are immune to poison.
You resist negative energy. (rN+)
You are resistant to electric shocks. (rElec)
You can survive without breathing.
You are immune to petrification.
You are immune to rotting.


Message History

The orc priest mumbles some strange prayers to Beogh against you.
Beogh smites you!
You barely miss the orc. The orc barely misses you. The orc misses you.
You barely miss the orc. The orc hits you but does no damage.
You closely miss the orc. The orc closely misses you.
The orc priest looks satisfied for a moment.
Unknown command.
You hit the orc.
The orc is lightly wounded.
You feel yourself speed up. The orc closely misses you.
The orc barely misses you.
You hit the orc but do no damage.
The orc is lightly wounded.
The orc priest calls down the wrath of Beogh upon you.
Beogh smites you!
* * * LOW HITPOINT WARNING * * *
The orc hits you but does no damage.
The orc priest calls down the wrath of Beogh upon you.
Beogh smites you!
You die... ^o

.# o# # .# #.#
.##.. .o.
########o###.>#
#(..@oolS.....#
#####.######o####.#
#.....# .# #.###.#
.. ####.# #.# ###
#[...# #.# #)####
#.# #÷# ### #.#


You could see 2 orc priests, an adder, 2 orcs and a frilled lizard.

Vanquished Creatures
  2 ogres (D:4)
  2 phantoms (D:3)
  A scorpion (D:4)
  A howler monkey (D:4)
  2 orc wizards
  A worker ant (D:4)
  A hound skeleton (D:4)
  3 gnolls (D:5)
  10 adders
  2 worms (D:2)
  A dart slug (D:1)
  6 leopard geckos
  6 orcs
  8 bats
  4 giant cockroaches
  8 goblins
  9 hobgoblins
  10 jackals
  7 kobolds
  4 quokkas
  2 ball pythons
  5 frilled lizards
  A leopard gecko skeleton (D:4)
  6 rats
102 creatures vanquished.

Notes
Turn   | Place    | Note
-------+----------+-------------------------------------------
     0 | D:1      | Borgoz the Gargoyle Gladiator began the quest for the Orb.
     0 | D:1      | Reached XP level 1. HP: 12/12 MP: 1/1
   310 | D:1      | Reached XP level 2. HP: 14/18 MP: 2/2
   969 | D:2      | Reached skill level 1 in Stealth
   969 | D:2      | Reached XP level 3. HP: 14/22 MP: 3/3
  1144 | D:2      | Reached skill level 1 in Armour
  1379 | D:2      | Reached XP level 4. HP: 27/27 MP: 4/4
  1950 | D:3      | Noticed a phantom
  1976 | D:3      | HP: 1/27 [phantom (2)]
  1977 | D:3      | Killed a phantom
  1977 | D:3      | Reached XP level 5. HP: 1/32 MP: 5/5
  2459 | D:3      | Reached XP level 6. HP: 19/37 MP: 6/6
  2818 | D:3      | Found an opulent altar of Gozag.
  3063 | D:3      | Noticed a phantom
  3111 | D:3      | Killed a phantom
  3266 | D:4      | Reached XP level 7. HP: 36/42 MP: 7/7
  3737 | D:5      | Entered Level 5 of the Dungeon
  3851 | D:5      | Killed from afar by an orc priest

Skill      XL: |  1  2  3  4  5  6  7 |
---------------+----------------------+-----
Short Blades   | 3 4 |  4.8
Stealth        | 1 2 3 |  3.4
Armour         | 1 2 3 |  3.1
Dodging        | 3 4 |  4.4
Fighting       | 3 4 |  4.0
Throwing       | |  1.7

Action                   |  1- 3 |  4- 6 |  7- 9 || total
-------------------------+-------+-------+-------++-------
Melee: Rapier            |   122 |   238 |   119 ||   479
  Use: Potion            |       |     3 |     3 ||     6
 Stab: Sleeping          |     1 |     4 |     1 ||     6
  Eat: Chunk             |     1 |     7 |     2 ||    10
Armor: Leather armour    |    62 |   116 |       ||   178
       Ring mail         |       |     2 |    80 ||    82
Dodge: Dodged            |    90 |   214 |    97 ||   401
